 Dungeon Crawl Stone Soup version 0.29.1-14-g9c671dbff4 (webtiles) character file.

Game seed: 2216827012414466946

4510 hawla the Carver (level 10, -3/72 HPs)
             Began as a Meteoran Fire Elementalist on Feb 12, 2023.
             Slain by a seven-headed hydra (10 damage)
             ... on level 9 of the Dungeon on Feb 13, 2023.
             The game lasted 00:19:45 (5162 turns).

hawla the Carver (Meteoran Fire Elementalist)       Turns: 5162, Time: 00:19:45

Health: -3/72      AC:  6    Str: 14    XL:     10   Next: 97%
Magic:  14/22      EV: 14    Int: 21    God:
Gold:   313        SH:  0    Dex: 18    Spells: 12/24 levels left

rFire   . . .      SeeInvis +   E - +4 great sword
rCold   . . .      Faith    .   (shield currently unavailable)
rNeg    + . .      Spirit   .   v - +1 robe of Hopscotch {+Inv Str+4 Dex+3}
rPois   .          Reflect  .   (no helmet)
rElec   .          Harm     .   g - scarf {repulsion}
rCorr   .          Rampage  .   B - +0 pair of gloves
Will    +....                   i - +1 pair of boots
Stlth   +.........              (no amulet)
HPRegen 0.22/turn               j - ring of see invisible
MPRegen 0.18/turn               y - ring of positive energy

@: glowing, repel missiles
A: sense surroundings 2, otherworldly, glowing, explore regen
a: Evoke Invisibility


You were on level 9 of the Dungeon.
You visited 2 branches of the dungeon, and saw 10 of its levels.

You collected 420 gold pieces.
You spent 107 gold pieces at shops.

Inventory:

Hand Weapons
 E - a +4 great sword (weapon)
Armour
 g - a scarf of repulsion (worn)
 i - a +1 pair of boots (worn)
 o - a +2 robe of willpower
 v - the +1 robe of Hopscotch (worn) {+Inv Str+4 Dex+3}
   (You found it on level 6 of the Dungeon)

   Str:       It affects your strength (+4).
   Dex:       It affects your dexterity (+3).
   +Inv:      It lets you turn invisible.
 B - a +0 pair of gloves (worn)
Jewellery
 j - a ring of see invisible (left hand)
 y - a ring of positive energy (right hand)
 D - a ring of positive energy
 F - a ring of flight
Wands
 k - a wand of charming (11) (quivered)
 r - a wand of acid (5)
 u - a wand of digging (6)
 A - a wand of flame (13)
Scrolls
 d - a scroll of enchant weapon
 l - 2 scrolls of fear
 s - a scroll of brand weapon {unknown}
 t - a scroll of acquirement {unknown}
 w - 2 scrolls of amnesia
 C - a scroll of poison
Potions
 a - a potion of experience {unknown}
 b - a potion of magic
 c - 4 potions of might
 e - a potion of haste {unknown}
 f - 4 potions of curing
 h - 3 potions of invisibility {unknown}
 m - 3 potions of flight {unknown}
 n - a potion of resistance {unknown}
 p - 4 potions of mutation {unknown}
 q - 2 potions of degeneration {unknown}
 x - a potion of attraction {unknown}
 z - a potion of lignification {unknown}


   Skills:
 + Level 1.5 Fighting
 + Level 8.5 Long Blades
 + Level 3.9 Dodging
 - Level 1.4 Stealth
 + Level 7.5 Spellcasting
 + Level 6.2 Conjurations
 + Level 7.9 Fire Magic
 + Level 5.9 Ice Magic
 + Level 5.9 Air Magic
 + Level 3.0 Evocations


You had 12 spell levels left.
You knew the following spells:

 Your Spells              Type           Power      Damage    Failure   Level
a - Foxfire               Conj/Fire      100%       2x1d9     1%          1
b - Scorch                Fire           82%        2d9       1%          2
c - Flame Wave            Conj/Fire      37%        2d10      4%          4
d - Freezing Cloud        Conj/Ice/Air   16%        6-21      21%         5

Your spell library contained the following spells:

 Spells                   Type           Power      Damage    Failure   Level
 Conjure Flame            Conj/Fire      37%        6-21      1%          3
 Inner Flame              Hex/Fire       24%        N/A       4%          3
 Mephitic Cloud           Conj/Pois/Air  24%        N/A       4%          3
 Ignite Poison            Fire/Tmut/Pois 19%        N/A       9%          3
 Sublimation of Blood     Necr           7%         N/A       13%         2
 Wereblood                Tmut           7%         N/A       13%         2
 Confusing Touch          Hex            7%         N/A       26%         3
 Summon Guardian Golem    Hex/Summ       7%         N/A       26%         3
 Tukima's Dance           Hex            7%         N/A       26%         3
 Passage of Golubria      Tloc           7%         N/A       63%         4
 Yara's Violent Unravell  Hex/Tmut       3%         3d4       93%         5
 Orb of Destruction       Conj           17%        9d7       99%         7
 Enfeeble                 Hex            3%         N/A       100%        7
 Spellforged Servitor     Conj/Summ      10%        N/A       100%        7
 Summon Hydra             Summ           3%         N/A       100%        7


Dungeon Overview and Level Annotations

Branches:
Dungeon (9/15) Zot: 526    Temple (1/1) D:7 Zot: 468    Lair (0/5) D:9
    Orc: D:9-12

Altars:
Ashenzari
Cheibriados
Dithmenos
Elyvilon
Fedhas
Gozag
Hepliaklqana
Kikubaaqudgha
Makhleb
Nemelex Xobeh
Okawaru
Qazlal
Ru
Sif Muna
Trog
Uskayaw
Wu Jian
Xom
Zin
The Shining One

Shops:
D:2 [   D:6 [   D:7 [(?(

Annotations:
D:9 exclusion: obsidian statue


Innate Abilities, Weirdness & Mutations

You passively map the area around you.
You are easily found by Zot.
You glow in the dark.
You regain HP and MP as you explore.


Message History

The seven-headed hydra completely misses you.
The seven-headed hydra bites you but does no damage.
The seven-headed hydra misses you.
The seven-headed hydra barely misses you.
Casting: Scorch (safe; 1% risk of failure)
Confirm with . or Enter, or press ? or * to list all spells.
Flames lash the seven-headed hydra.
The seven-headed hydra is burned terribly!
The seven-headed hydra is severely wounded.
The seven-headed hydra bites you but does no damage.
The seven-headed hydra closely misses you.
The seven-headed hydra bites you but does no damage. x2
The seven-headed hydra bites you!
The seven-headed hydra bites you but does no damage.
The seven-headed hydra bites you.
Casting: Scorch (safe; 1% risk of failure)
Confirm with . or Enter, or press ? or * to list all spells.
Flames lash the seven-headed hydra.
The seven-headed hydra is burned terribly!
The seven-headed hydra is almost dead.
The seven-headed hydra bites you!
* * * LOW HITPOINT WARNING * * *
The seven-headed hydra closely misses you.
The seven-headed hydra misses you.
The seven-headed hydra closely misses you.
The seven-headed hydra bites you.
* * * LOW HITPOINT WARNING * * *
The seven-headed hydra completely misses you.
The seven-headed hydra bites you.
* * * LOW HITPOINT WARNING * * *
You feel better. The seven-headed hydra bites you.
* * * LOW HITPOINT WARNING * * *
The seven-headed hydra bites you.
* * * LOW HITPOINT WARNING * * *
The seven-headed hydra bites you.
* * * LOW HITPOINT WARNING * * *
The seven-headed hydra misses you. The seven-headed hydra bites you.
* * * LOW HITPOINT WARNING * * *
The seven-headed hydra bites you!
You die...

* #.....#.............# ,
,,#....≈#.......#####.# ,,
,.##+##≈........#...#.# ,
......≈.~~.....'...#.# ,
......≈........#...#.#
......≈........#...#.#####
*
,(....#≈~.##....###'#......
,,
.....+≈...#...............
,
....,#...@#...............
.... #...D#...............
* ... #....#.############'#
* ,,,, ....... , ,
......... , #..#.#.#. *
#.#...... * ,
,,,#..?......, , .........
* #....#. .#, ,#.#...... ,
... .. .. .#....... *, , ,
, , ,,#.#......


You could see a seven-headed hydra (combustible).

Vanquished Creatures
  A two-headed ogre (D:8)
  A wraith (D:9)
  6 yaks (D:8)
  A steam dragon (D:9)
  2 water moccasins (D:7)
  2 sky beasts (D:6)
  2 orc warriors (D:7)
  A black bear (D:8)
  2 ice beasts (D:6)
  A centaur (D:6)
  A phantom (D:6)
  2 gnoll sergeants
  2 bullfrogs
  A scorpion (D:6)
  A necrophage (D:4)
  8 wights
  3 killer bees (D:7)
  An electric eel (D:9)
  3 howler monkeys (D:9)
  6 hounds
  A jelly (D:6)
  3 orc priests
  2 iguanas
  Ijyb (D:4)
  5 orc wizards
  11 gnolls
  3 adders
  2 worms
  3 dart slugs
  21 orcs
  5 endoplasms
  2 giant cockroaches
  6 goblins
  10 hobgoblins
  3 kobolds
  A quokka (D:4)
  3 ball pythons
  6 bats
  2 frilled lizards
  3 rats
140 creatures vanquished.

Vanquished Creatures (others)
  A wizard (D:6)
  249 foxfires
250 creatures vanquished.

Grand Total: 390 creatures vanquished

Notes
Turn   | Place    | Note
-------+----------+-------------------------------------------
     0 | D:1      | hawla the Meteoran Fire Elementalist began the quest for
                  | the Orb.
     0 | D:1      | Reached XP level 1. HP: 14/14 MP: 5/5
    48 | D:1      | Reached XP level 2. HP: 14/20 MP: 1/6
   157 | D:2      | Found Qutuaz's Antique Armour Emporium.
   203 | D:2      | Reached XP level 3. HP: 26/26 MP: 6/8
   251 | D:2      | Learned a level 2 spell: Scorch
   331 | D:2      | Reached XP level 4. HP: 33/33 MP: 5/9
   336 | D:2      | Learned a level 4 spell: Flame Wave
   344 | D:2      | Reached skill level 5 in Fire Magic
   356 | D:2      | Reached XP level 5. HP: 38/38 MP: 7/11
  1691 | D:3      | Glimpsed the power of Zot.
  1741 | D:2      | Glimpsed the power of Zot.
  1763 | D:2      | Bought an embroidered robe for 107 gold pieces
  1781 | D:2      | Glimpsed the power of Zot.
  1790 | D:2      | Touched by the power of Zot.
  1867 | D:4      | Noticed a bullfrog
  1870 | D:4      | Killed a bullfrog
  1871 | D:4      | Reached XP level 6. HP: 29/38 MP: 7/12
  2011 | D:4      | Found a stormy altar of Qazlal.
  2015 | D:4      | Found a blossoming altar of Fedhas.
  2060 | D:4      | Reached skill level 5 in Conjurations
  2150 | D:4      | Reached skill level 1 in Long Blades
  2150 | D:4      | Reached XP level 7. HP: 37/51 MP: 6/14
  2209 | D:4      | Noticed Ijyb
  2216 | D:4      | Killed Ijyb
  2481 | D:4      | Glimpsed the power of Zot.
  2505 | D:5      | Entered Level 5 of the Dungeon
  2557 | D:5      | Reached skill level 1 in Evocations
  3076 | D:5      | Glimpsed the power of Zot.
  3126 | D:5      | Glimpsed the power of Zot.
  3190 | D:6      | Reached XP level 8. HP: 58/58 MP: 12/16
  3234 | D:6      | Reached skill level 2 in Long Blades
  3234 | D:6      | Reached skill level 5 in Spellcasting
  3258 | D:6      | Found a bloodstained altar of Trog.
  3259 | D:6      | Noticed a wizard
  3265 | D:6      | Killed a wizard
  3341 | D:6      | Reached skill level 1 in Fighting
  3359 | D:6      | Identified the +1 robe of Hopscotch {+Inv Str+4 Dex+3}
  3425 | D:6      | Found Pigg's Antique Armour Boutique.
  3461 | D:6      | Reached skill level 3 in Long Blades
  3461 | D:6      | Gained mutation: You passively map the area around you.
                  | [Meteoran growth]
  3461 | D:6      | Reached XP level 9. HP: 62/64 MP: 6/19
  3484 | D:7      | Learned a level 5 spell: Freezing Cloud
  3552 | D:7      | Found Xoaw's Magic Scroll Shoppe.
  3598 | D:7      | Reached skill level 1 in Ice Magic
  3598 | D:7      | Reached skill level 1 in Air Magic
  3623 | D:7      | Found a staircase to the Ecumenical Temple.
  3641 | D:7      | Found Rausk's Weapon Emporium.
  3662 | D:7      | Reached skill level 5 in Air Magic
  3681 | Temple   | Entered the Ecumenical Temple
  3883 | D:7      | Found Ydoiff's Weapon Emporium.
  3897 | D:7      | Found Qapuulue's Armour Boutique.
  3973 | D:7      | Found a shadowy altar of Dithmenos.
  4085 | D:6      | Reached skill level 5 in Ice Magic
  4147 | D:6      | Reached XP level 10. HP: 71/71 MP: 15/21
  4215 | D:6      | Found a broken altar of Ashenzari.
  4310 | D:5      | Found a hide-covered altar of Uskayaw.
  4402 | D:5      | Glimpsed the power of Zot.
  4452 | D:6      | Glimpsed the power of Zot.
  4494 | D:8      | Reached skill level 4 in Long Blades
  4495 | D:8      | Reached skill level 5 in Long Blades
  4505 | D:8      | Reached skill level 6 in Long Blades
  4506 | D:8      | Reached skill level 7 in Long Blades
  4512 | D:8      | Reached skill level 8 in Long Blades
  4836 | D:8      | Noticed a two-headed ogre
  4841 | D:8      | Killed a two-headed ogre
  4999 | D:8      | Glimpsed the power of Zot.
  5050 | D:9      | Noticed an obsidian statue
  5060 | D:9      | Found a staircase to the Lair.
  5155 | D:9      | Noticed a seven-headed hydra
  5162 | D:9      | Slain by a seven-headed hydra

Illustrated notes

Levels and vault maps discovered:
D:1:      minmay_arrival_four_circles, layout_basic,
          ebering_ecumenical_altar_box, minmay_tromino_i4
D:2:      layout_loops_ring, serial_shops, shop,
          nicolae_concentric_dashed_squares_wild
D:3:      layout_basic
D:4:      layout_cave_pods, grunt_temple_overflow_forces_of_nature, uniq_ijyb
D:5:      layout_loops_ring, nicolae_uskayaw_suspiria
D:6:      layout_rooms, nicolae_overflow_hidden_temple, trog_wizard,
          ashenzari_altar_1, serial_shops, nicolae_square_shop, st_stairs_1
D:7:      layout_cave_pools, lemuel_tele_altar, minmay_temple_entry_tees,
          serial_shops, nicolae_shop_statue_plus, nicolae_shop_waterfront, shop,
          kennysheep_mini, minmay_misc_feat_rugged
D:8:      layout_loops_cross
D:9:      layout_irregular_city, lair_entry_dummy, erik_orc_2,
          nicolae_blasting_shop, hangedman_abyss_or_decor_stabs, minivault_15,
          chequers_serial_rivers_micro_e, hangedman_decor_riveting
Temple:   nicolae_temple_superstar

Skill      XL: |  1  2  3  4  5  6  7  8  9 10 |
---------------+-------------------------------+-----
Fire Magic     | 4 5 7 |  7.9
Spellcasting   | 3 4 6 7 |  7.5
Conjurations   | 2 4 5 6 |  6.2
Dodging        | 3 |  3.9
Long Blades    | 1 3 8 |  8.5
Evocations     | 3 |  3.0
Fighting       | 1 |  1.5
Ice Magic      | 5 |  5.9
Air Magic      | 5 |  5.9
Stealth        | |  1.4

Action                   |  1- 3 |  4- 6 |  7- 9 | 10-12 || total
-------------------------+-------+-------+-------+-------++-------
Melee: Unarmed           |     1 |     4 |       |       ||     5
       Long sword        |       |    47 |    35 |       ||    82
       Punch             |       |       |     1 |       ||     1
       Great sword       |       |       |       |    17 ||    17
 Cast: Foxfire           |    28 |    48 |    55 |    13 ||   144
       Scorch            |     2 |     5 |    26 |    18 ||    51
       Flame Wave        |       |       |    12 |     7 ||    19
       Freezing Cloud    |       |       |       |     1 ||     1
  Use: Scroll            |     2 |     8 |     2 |       ||    12
       Potion            |       |       |     2 |     1 ||     3
Armor: Robe              |     6 |    32 |    32 |    19 ||    89
Dodge: Dodged            |     5 |    49 |    57 |    43 ||   154
       Repelled          |       |       |       |     1 ||     1
